Map: Heavy Artillery LE

Players

Massa - Winner!

  • Race: Terran Terran
  • League: Gold
  • Spawn Location: 7:00

qqq - Winner!

  • Race: Protoss Protoss
  • Spawn Location: 7:00

Wernstrom

  • Race: Terran Terran
  • Spawn Location: 3:00

IIIIIIIIIIII

  • Race: Zerg Zerg
  • League: Diamond
  • Spawn Location: 1:00

VOD

Have the link to the VOD?

Description

Time

  • Played on: July 11, 2020, 9:10 a.m.
  • Length: 6:34
Show
View Real Time Build Order
Export as new Build Order

Massa Terran - Winner!

Build Orders: Reaper Expand 

Get SALT Encoding   

  12  0:03  SCV  
  13  0:18  SCV  
  13  0:19  Supply Depot  
  14  0:31  SCV  
  15  0:43  SCV  
  15  0:44  Barracks  
  16  0:54  Refinery  
  16  0:55  SCV  
  17  1:07  SCV  
  18  1:19  SCV  
  19  1:41  Reaper, Command Center  
  19  1:46  SCV  
  21  1:59  Orbital Command  
  21  2:13  Reaper  
  22  2:46  Reaper  
  23  2:55  Supply Depot  
  23  3:03  SCV  
  24  3:06  Orbital Command  
  24  3:15  SCV  
  25  3:20  Refinery  
  26  3:27  SCV  
  25  3:39  SCV  
  26  3:51  SCV  
  26  3:53  SCV  
  28  4:03  SCV  
  28  4:05  SCV  
  29  4:15  SCV  
  30  4:18  SCV  
  30  4:19  Marine  
  30  4:23  Factory  
  32  4:27  SCV  
  32  4:30  SCV, Barracks  
  34  4:37  Marine  
  34  4:39  SCV  
  34  4:42  SCV  
  36  4:48  Engineering Bay  
  36  4:51  SCV  
  36  4:52  Command Center  
  37  4:54  SCV  
  37  4:55  Marine  
  37  4:58  Engineering Bay  
  39  5:03  SCV  
  39  5:06  SCV  
  41  5:11  Factory Tech Lab  
  41  5:13  Marine  
  41  5:46  Marine  
  41  5:48  Marine  
  36  5:50  Siege Tank  
  36  5:55  Supply Depot x2  
  25  6:04  Marine  
  25  6:05  SCV  
  25  6:06  Marine  
  24  6:17  SCV  
Show
View Real Time Build Order
Export as new Build Order

qqq Protoss - Winner!

Build Orders: 1 Gate Expand 

Get SALT Encoding   

  12  0:02  Probe  
  13  0:20  Pylon  
  13  0:24  Probe  
  14  0:45  Probe, Gateway  
  15  0:56  Pylon  
  15  0:57  Probe  
  16  1:09  Probe  
  17  1:29  Probe  
  18  1:41  Probe  
  18  1:44  Nexus  
  19  1:57  Forge  
  19  2:10  Assimilator  
  19  2:12  Assimilator  
  19  2:14  Pylon  
  19  2:17  Probe  
  19  2:29  Probe  
  20  2:34  Cybernetics Core  
  20  2:38  Photon Cannon  
  20  2:41  Probe  
  21  2:53  Probe, Photon Cannon  
  22  3:01  Probe  
  22  3:05  Probe  
  24  3:14  Probe  
  25  3:20  Stargate  
  25  3:22  Probe  
  26  3:30  Probe  
  26  3:31  Assimilator  
  26  3:33  Assimilator  
  27  3:40  Probe  
  27  3:45  Stargate  
  28  3:52  Probe  
  29  3:57  Pylon  
  29  4:04  Probe  
  30  4:11  Phoenix  
  30  4:16  Probe  
  33  4:26  Photon Cannon  
  33  4:28  Probe  
  33  4:29  Pylon  
  34  4:31  Protoss Air Weapons Level 1  
  34  4:32  Pylon  
  34  4:37  Photon Cannon  
  34  4:38  Pylon  
  34  4:40  Probe  
  34  4:43  Phoenix  
  37  4:53  Probe  
  38  5:01  Phoenix  
  38  5:05  Probe  
  41  5:08  Phoenix  
  43  5:17  Probe  
  44  5:29  Probe  
  44  5:35  Void Ray  
  44  5:41  Probe  
  30  5:45  Void Ray  
  32  5:53  Probe  
  24  6:14  Probe  
Show
View Real Time Build Order
Export as new Build Order

Wernstrom Terran 

Build Orders: 2 Factory, Reaper Expand 

Get SALT Encoding   

  12  0:01  SCV  
  13  0:13  SCV  
  14  0:19  Supply Depot  
  14  0:25  SCV  
  15  0:41  SCV  
  15  0:42  Barracks  
  16  0:46  Refinery  
  16  0:53  SCV  
  17  1:05  SCV  
  18  1:17  SCV  
  18  1:33  Orbital Command  
  18  1:36  Reaper  
  19  1:43  Command Center  
  19  1:59  SCV  
  20  2:12  SCV  
  21  2:25  SCV  
  22  2:32  Factory  
  22  2:42  Marine  
  23  3:01  Orbital Command  
  23  3:04  Factory  
  23  3:05  Refinery  
  23  3:18  Factory Tech Lab  
  21  3:27  Marine  
  22  3:39  Orbital Command, Hellion  
  22  3:40  Infernal Pre-Igniter  
  23  3:45  Marine  
  23  4:00  Hellion  
  23  4:01  Hellion  
  27  4:09  SCV x2  
  29  4:21  SCV, Hellion  
  29  4:22  SCV  
  29  4:23  Armory  
  33  4:33  SCV  
  33  4:34  SCV  
  33  4:36  Supply Depot  
  35  4:39  Command Center  
  35  4:45  SCV  
  35  4:46  SCV  
  37  4:57  Hellion  
  37  4:58  SCV x2, Factory Reactor  
  41  5:01  Supply Depot  
  41  5:02  Supply Depot  
  41  5:06  Refinery  
  41  5:10  SCV x2  
  43  5:19  Hellion  
  43  5:22  SCV  
  44  5:29  SCV  
  44  5:31  Refinery  
  44  5:34  SCV  
  46  5:40  Hellion  
  46  6:02  Hellion  
Show
View Real Time Build Order
Export as new Build Order

IIIIIIIIIIII Zerg 

Build Orders: Pool First, Zergling Baneling 

Get SALT Encoding   

  12  0:01  Drone  
  13  0:09  Drone  
  14  0:27  Spawning Pool  
  13  0:28  Extractor  
  13  0:32  Drone  
  13  0:35  Drone  
  14  1:03  Hatchery  
  13  1:09  Drone  
  14  1:20  Overlord  
  14  1:39  Drone x3  
  17  1:43  Metabolic Boost  
  17  1:56  Queen  
  17  2:01  Drone  
  20  2:07  Overlord  
  20  2:15  Drone  
  21  2:16  Drone  
  22  2:24  Queen  
  24  2:30  Overlord  
  24  2:38  Drone x2  
  24  2:39  Drone  
  27  2:49  Drone x2  
  29  3:05  Drone x2, Baneling Nest  
  30  3:06  Drone x2  
  30  3:07  Drone  
  30  3:11  Overlord  
  33  3:18  Overlord  
  33  3:20  Drone x2  
  35  3:31  Zergling x4  
  35  3:33  Zergling x6  
  40  3:42  Zergling x6  
  40  3:48  Zergling x2  
  44  4:06  Zergling x2  
  44  4:07  Zergling x6  
  48  4:12  Zergling x4  
  48  4:13  Zergling x2  
  48  4:15  Zergling x2  
  48  4:16  Zergling x4  
  54  4:17  Overlord  
  54  4:24  Zergling x2  
  55  4:32  Baneling  
  55  4:33  Baneling x5  
  55  4:37  Baneling x4  
  55  4:38  Zergling x4  
  57  4:40  Zergling x2  
  57  4:44  Overlord  
  58  4:46  Hatchery  
  54  4:56  Baneling x2  
  54  4:57  Zergling x4  
  54  4:58  Zergling x8  
  60  5:08  Baneling  
  47  5:35  Zergling x2  
  47  5:36  Zergling x4  
  43  5:47  Zergling x10  
  43  5:48  Zergling x2  
  49  5:55  Zergling x2  
  60  6:27  Extractor  
  60  6:28  Extractor  
Tags
 
Add a new tag
Caveats
  • Supply blocks, unpowered buildings, or Contaminate may cause inaccurate times.
  • Supply counts are checked every 10 seconds.